[ AOE2 MATCH · #468319478 ]
UnrankedIncas vs Persians
[ REPLAY ANALYSIS · EXTRACTED FROM THE RECORDED GAME ]
Feudal
16:18
Castle
25:07
Imperial
41:17
| APM avg | 25.7 |
| APM peak | 59 |
| eAPM avg | 15.1 |
| Villagers / military | 129 / 81 |
Focus
⚔️ 24.3% · 🌾 75.7%
Spearman ×55 · Kamayuk ×23 · Unknown (2550) ×13 · Fishing Ship ×4 · Trebuchet (Packed) ×3
Feudal
14:20
Castle
18:45
Imperial
36:38
| APM avg | 52.3 |
| APM peak | 91 |
| eAPM avg | 22.0 |
| Villagers / military | 141 / 91 |
Focus
⚔️ 26.2% · 🌾 73.8%
Knight ×46 · Camel Scout ×24 · Scorpion ×14 · Fishing Ship ×10 · Trebuchet (Packed) ×5 · Scout Cavalry ×2
Feudal
14:33
Castle
18:20
Imperial
48:01
| APM avg | 22.3 |
| APM peak | 48 |
| eAPM avg | 11.9 |
| Villagers / military | 108 / 74 |
Focus
⚔️ 24.6% · 🌾 75.4%
Knight ×34 · Camel Scout ×32 · Fishing Ship ×14 · Petard ×7 · Unknown (2626) ×2 · Trade Cart ×1
Feudal
14:01
Castle
18:08
Imperial
40:19
| APM avg | 19.9 |
| APM peak | 68 |
| eAPM avg | 10.7 |
| Villagers / military | 66 / 55 |
Focus
⚔️ 35.7% · 🌾 64.3%
Spearman ×47 · Fishing Ship ×35 · Unknown (1974) ×23 · Battering Ram ×6 · Mangonel ×2 · Unknown (1942) ×1
Feudal
15:23
Castle
20:37
Imperial
39:19
| APM avg | 45.0 |
| APM peak | 92 |
| eAPM avg | 21.6 |
| Villagers / military | 137 / 195 |
Focus
⚔️ 29.0% · 🌾 71.0%
Knight ×172 · Fishing Ship ×10 · Monk ×6 · Scout Cavalry ×6 · Galley ×5 · Trebuchet (Packed) ×4
Feudal
15:06
Castle
20:35
Imperial
36:59
| APM avg | 26.2 |
| APM peak | 71 |
| eAPM avg | 12.5 |
| Villagers / military | 77 / 1 |
Focus
⚔️ 27.0% · 🌾 73.0%
Unknown (1944) ×45 · Unknown (1949) ×29 · Fishing Ship ×13 · Unknown (1942) ×6 · Unknown (2626) ×4 · Scorpion ×1
Feudal
15:35
Castle
20:32
Imperial
36:57
| APM avg | 34.8 |
| APM peak | 65 |
| eAPM avg | 14.5 |
| Villagers / military | 81 / 58 |
Focus
⚔️ 29.8% · 🌾 70.2%
Rattan Archer ×50 · Petard ×7 · Fishing Ship ×4 · Trebuchet (Packed) ×1
Feudal
13:13
Castle
18:22
Imperial
46:24
| APM avg | 19.7 |
| APM peak | 48 |
| eAPM avg | 11.0 |
| Villagers / military | 88 / 135 |
Focus
⚔️ 25.4% · 🌾 74.6%
Knight ×68 · Fire Lancer ×58 · Fishing Ship ×11 · Battering Ram ×4 · Unknown (2626) ×2 · Demolition Raft ×2
Match map
Initial resources + every placement click. Lines = walls · curves = elevation contours. ◆ gold · ⬟ stone · ● berries · ✦ relic · ◌ wall gap
Your base· Open — 6t gap
ToonNoddy's base· Open — unwalled flank
SAS's base· Open — 5t gap
Manuel Adorni's base· Open — 12t gap
VZ | TheeChosen's base· Open — 15t gap
Kim Jong-un's base· Open — unwalled flank
[NuMa] cristo22B's base· Open — 9t gap
Joaquin_AoE's base· Open — 9t gap
Smoothed initial terrain · ◌ = detected wall gap · hover for details
Inputs per minute
— Sandwich Tree - - ToonNoddy
Build order — Sandwich Tree
First 150 of 328 actions detected
| 0:19 | Build | Town Center |
| 2:00 | Build | House |
| 2:05 | Build | Settlement |
| 2:44 | Create | Villager (Male) |
| 2:45 | Create | Villager (Male) |
| 2:45 | Create | Villager (Male) |
| 2:45 | Create | Villager (Male) |
| 2:46 | Create | Villager (Male) |
| 4:32 | Create | Villager (Male) |
| 4:33 | Create | Villager (Male) |
| 5:18 | Create | Villager (Male) |
| 5:18 | Create | Villager (Male) |
| 5:19 | Create | Villager (Male) |
| 5:57 | Create | Villager (Male) |
| 6:25 | Create | Villager (Male) |
| 7:06 | Create | Villager (Male) |
| 7:06 | Create | Villager (Male) |
| 7:35 | Create | Villager (Male) |
| 8:02 | Create | Villager (Male) |
| 8:47 | Create | Villager (Male) |
| 8:48 | Create | Villager (Male) |
| 8:49 | Create | Villager (Male) |
| 9:35 | Create | Villager (Male) |
| 9:48 | Create | Villager (Male) |
| 10:13 | Build | Farm |
| 10:13 | Build | Farm |
| 10:17 | Build | Farm |
| 11:07 | Build | Dock |
| 11:13 | Create | Villager (Male) |
| 11:13 | Create | Villager (Male) |
| 11:13 | Create | Villager (Male) |
| 11:14 | Create | Villager (Male) |
| 11:14 | Create | Villager (Male) |
| 11:24 | Build | Settlement |
| 11:30 | Create | Villager (Male) |
| 11:55 | Create | Fishing Ship |
| 11:55 | Create | Fishing Ship |
| 11:58 | Create | Villager (Male) |
| 12:19 | Create | Villager (Male) |
| 12:45 | Create | Villager (Male) |
| 14:07 | Research | Feudal Age |
| 14:13 | Create | Fishing Ship |
| 14:42 | Create | Villager (Male) |
| 14:48 | Build | Barracks |
| 14:50 | Build | Barracks |
| 15:01 | Build | House |
| 15:02 | Build | House |
| 15:03 | Build | House |
| 15:09 | Research | Loom |
| 15:35 | Create | Villager (Male) |
| 15:59 | Create | Unit 2550 |
| 16:09 | Build | Farm |
| 16:10 | Build | Farm |
| 16:14 | Build | Farm |
| 16:18 | Age | Feudal Age |
| 16:35 | Build | Blacksmith |
| 17:37 | Create | Villager (Male) |
| 17:38 | Create | Villager (Male) |
| 17:40 | Create | Unit 2550 |
| 17:40 | Create | Unit 2550 |
| 17:41 | Research | Tech 1402 |
| 18:15 | Create | Villager (Male) |
| 18:21 | Create | Unit 2550 |
| 18:36 | Research | Scale Mail Armor |
| 19:07 | Research | Forging |
| 19:21 | Create | Unit 2550 |
| 19:21 | Create | Unit 2550 |
| 19:23 | Research | Arson |
| 19:51 | Create | Villager (Male) |
| 19:52 | Create | Villager (Male) |
| 19:56 | Research | Double-Bit Axe |
| 19:59 | Research | Horse Collar |
| 20:13 | Create | Unit 2550 |
| 20:15 | Create | Unit 2550 |
| 20:19 | Create | Fishing Ship |
| 20:59 | Create | Unit 2550 |
| 21:01 | Create | Villager (Male) |
| 21:09 | Build | Market |
| 21:23 | Create | Villager (Male) |
| 21:40 | Build | Settlement |
| 22:23 | Build | Settlement |
| 22:27 | Research | Castle Age |
| 22:35 | Create | Spearman |
| 22:36 | Create | Spearman |
| 22:37 | Create | Spearman |
| 22:38 | Create | Spearman |
| 23:07 | Create | Villager (Male) |
| 23:11 | Create | Spearman |
| 23:12 | Create | Spearman |
| 23:20 | Build | Settlement |
| 24:17 | Create | Villager (Male) |
| 24:19 | Create | Villager (Male) |
| 24:47 | Research | Stone Mining |
| 25:07 | Age | Castle Age |
| 25:19 | Create | Villager (Male) |
| 25:39 | Build | Castle |
| 25:59 | Create | Villager (Male) |
| 26:12 | Build | Stone Wall |
| 26:18 | Build | Stone Wall |
| 26:20 | Build | Stone Wall |
| 26:22 | Build | Stone Wall |
| 26:25 | Build | Stone Wall |
| 26:30 | Build | Stone Wall |
| 26:49 | Create | Villager (Male) |
| 26:50 | Create | Villager (Male) |
| 26:58 | Build | Town Center |
| 27:05 | Create | Villager (Male) |
| 27:49 | Build | Castle |
| 27:54 | Research | Gold Mining |
| 28:02 | Research | Fletching |
| 28:30 | Create | Villager (Male) |
| 28:30 | Create | Villager (Male) |
| 28:30 | Create | Villager (Male) |
| 28:41 | Build | Town Center |
| 28:50 | Create | Villager (Male) |
| 29:10 | Research | Chain Mail Armor |
| 29:27 | Create | Villager (Male) |
| 29:34 | Create | Kamayuk |
| 29:36 | Create | Kamayuk |
| 29:38 | Create | Kamayuk |
| 29:41 | Research | Bow Saw |
| 29:46 | Build | Farm |
| 29:48 | Build | Farm |
| 29:51 | Build | Farm |
| 30:02 | Create | Kamayuk |
| 30:05 | Create | Kamayuk |
| 30:32 | Create | Villager (Male) |
| 30:34 | Create | Villager (Male) |
| 30:37 | Create | Villager (Male) |
| 30:39 | Create | Villager (Male) |
| 31:00 | Build | Town Center |
| 31:18 | Build | Town Center |
| 31:26 | Create | Villager (Male) |
| 31:26 | Create | Villager (Male) |
| 31:28 | Create | Villager (Male) |
| 31:29 | Create | Villager (Male) |
| 31:29 | Create | Villager (Male) |
| 31:31 | Create | Kamayuk |
| 31:31 | Create | Kamayuk |
| 31:33 | Create | Villager (Male) |
| 32:30 | Build | Monastery |
| 32:36 | Research | Wheelbarrow |
| 32:38 | Create | Villager (Male) |
| 32:39 | Create | Villager (Male) |
| 32:39 | Create | Villager (Male) |
| 32:47 | Create | Kamayuk |
| 32:50 | Build | Farm |
| 32:50 | Build | Farm |
| 32:51 | Build | Farm |
| 32:51 | Build | Farm |
Build order — ToonNoddy
First 150 of 340 actions detected
| 1:11 | Build | Town Center |
| 1:54 | Build | House |
| 3:17 | Create | Villager (Male) |
| 3:17 | Create | Villager (Male) |
| 3:25 | Create | Villager (Male) |
| 3:26 | Create | Villager (Male) |
| 3:26 | Create | Villager (Male) |
| 4:40 | Build | House |
| 4:45 | Build | Dock |
| 5:15 | Create | Villager (Male) |
| 5:16 | Create | Villager (Male) |
| 5:16 | Create | Villager (Male) |
| 6:20 | Create | Villager (Male) |
| 6:20 | Create | Villager (Male) |
| 6:26 | Create | Fishing Ship |
| 6:28 | Build | House |
| 6:39 | Create | Villager (Male) |
| 6:39 | Create | Villager (Male) |
| 7:17 | Create | Fishing Ship |
| 7:20 | Create | Villager (Male) |
| 7:40 | Create | Villager (Male) |
| 7:40 | Create | Villager (Male) |
| 7:54 | Create | Villager (Male) |
| 7:54 | Create | Villager (Male) |
| 8:00 | Build | House |
| 8:27 | Create | Villager (Male) |
| 8:27 | Create | Villager (Male) |
| 8:30 | Create | Fishing Ship |
| 8:30 | Create | Fishing Ship |
| 8:45 | Create | Villager (Male) |
| 8:45 | Create | Villager (Male) |
| 9:00 | Create | Villager (Male) |
| 9:00 | Create | Villager (Male) |
| 9:19 | Create | Fishing Ship |
| 9:36 | Create | Villager (Male) |
| 9:52 | Create | Fishing Ship |
| 10:02 | Build | House |
| 10:19 | Create | Villager (Male) |
| 10:24 | Create | Fishing Ship |
| 10:34 | Build | House |
| 11:03 | Build | Mill |
| 11:05 | Create | Villager (Male) |
| 11:22 | Create | Villager (Male) |
| 11:24 | Create | Fishing Ship |
| 11:46 | Research | Loom |
| 11:47 | Research | Feudal Age |
| 11:59 | Create | Fishing Ship |
| 12:04 | Build | House |
| 12:24 | Build | Lumber Camp |
| 13:03 | Create | Villager (Male) |
| 13:30 | Build | Barracks |
| 13:40 | Create | Villager (Male) |
| 14:20 | Age | Feudal Age |
| 14:29 | Build | Stable |
| 14:39 | Research | Double-Bit Axe |
| 14:43 | Create | Villager (Male) |
| 15:21 | Create | Villager (Male) |
| 15:34 | Build | Blacksmith |
| 15:48 | Create | Villager (Male) |
| 15:59 | Create | Fishing Ship |
| 16:15 | Create | Scout Cavalry |
| 16:17 | Create | Scout Cavalry |
| 16:20 | Research | Castle Age |
| 16:28 | Build | House |
| 16:29 | Build | House |
| 16:42 | Create | Villager (Male) |
| 17:16 | Create | Villager (Male) |
| 17:40 | Build | Farm |
| 17:42 | Research | Horse Collar |
| 17:42 | Research | Horse Collar |
| 17:43 | Create | Villager (Male) |
| 17:51 | Build | Stable |
| 18:07 | Create | Villager (Male) |
| 18:45 | Age | Castle Age |
| 18:55 | Create | Villager (Male) |
| 19:00 | Research | Bloodlines |
| 19:00 | Research | Husbandry |
| 19:18 | Create | Villager (Male) |
| 19:23 | Build | Mining Camp |
| 19:28 | Create | Knight |
| 19:28 | Create | Knight |
| 19:49 | Build | Siege Workshop |
| 20:02 | Create | Villager (Male) |
| 20:07 | Build | Farm |
| 20:10 | Research | Heavy Plow |
| 20:11 | Research | Bow Saw |
| 20:15 | Create | Knight |
| 20:15 | Create | Knight |
| 20:15 | Create | Knight |
| 20:32 | Create | Villager (Male) |
| 20:51 | Create | Villager (Male) |
| 20:56 | Build | Farm |
| 20:57 | Build | Farm |
| 21:01 | Build | Farm |
| 21:02 | Build | Farm |
| 21:25 | Build | Farm |
| 21:29 | Create | Knight |
| 21:30 | Create | Knight |
| 21:35 | Build | House |
| 21:36 | Build | House |
| 21:44 | Research | Wheelbarrow |
| 22:06 | Build | Mining Camp |
| 22:11 | Create | Knight |
| 22:12 | Create | Knight |
| 22:15 | Create | Scorpion |
| 22:16 | Create | Scorpion |
| 22:28 | Create | Villager (Male) |
| 22:28 | Create | Villager (Male) |
| 22:32 | Build | Farm |
| 22:34 | Build | Farm |
| 22:53 | Create | Knight |
| 22:54 | Create | Knight |
| 22:54 | Create | Knight |
| 23:20 | Create | Villager (Male) |
| 23:20 | Create | Villager (Male) |
| 23:34 | Create | Scorpion |
| 23:43 | Build | House |
| 23:45 | Build | House |
| 23:56 | Research | Forging |
| 23:56 | Research | Forging |
| 24:26 | Build | Town Center |
| 24:35 | Create | Villager (Male) |
| 24:35 | Create | Villager (Male) |
| 24:49 | Build | Lumber Camp |
| 24:53 | Create | Scorpion |
| 24:53 | Create | Scorpion |
| 25:14 | Create | Villager (Male) |
| 25:23 | Create | Scorpion |
| 25:24 | Create | Scorpion |
| 25:38 | Research | Gold Mining |
| 25:40 | Create | Knight |
| 25:40 | Create | Knight |
| 26:30 | Create | Villager (Male) |
| 26:31 | Create | Villager (Male) |
| 26:31 | Create | Villager (Male) |
| 26:34 | Build | Farm |
| 26:35 | Build | Farm |
| 27:03 | Create | Villager (Male) |
| 27:03 | Create | Villager (Male) |
| 27:05 | Create | Scorpion |
| 27:06 | Create | Scorpion |
| 27:06 | Create | Scorpion |
| 27:08 | Create | Knight |
| 27:08 | Create | Knight |
| 27:30 | Research | Scale Barding Armor |
| 27:49 | Build | Farm |
| 27:50 | Build | Farm |
| 27:51 | Create | Villager (Male) |
| 27:52 | Create | Villager (Male) |
| 27:52 | Create | Villager (Male) |
Build order — SAS
First 150 of 265 actions detected
| 0:22 | Build | Town Center |
| 2:40 | Create | Villager (Male) |
| 2:40 | Create | Villager (Male) |
| 2:41 | Create | Villager (Male) |
| 2:41 | Create | Villager (Male) |
| 2:46 | Build | House |
| 2:56 | Create | Villager (Male) |
| 4:06 | Research | Loom |
| 4:31 | Build | Dock |
| 4:34 | Build | House |
| 5:47 | Create | Villager (Male) |
| 5:47 | Create | Villager (Male) |
| 5:48 | Create | Villager (Male) |
| 5:54 | Create | Fishing Ship |
| 5:54 | Create | Fishing Ship |
| 5:54 | Create | Fishing Ship |
| 6:24 | Create | Villager (Male) |
| 6:24 | Create | Villager (Male) |
| 7:21 | Create | Villager (Male) |
| 7:29 | Build | House |
| 8:05 | Create | Villager (Male) |
| 8:16 | Create | Fishing Ship |
| 8:21 | Build | House |
| 8:55 | Create | Villager (Male) |
| 8:56 | Create | Villager (Male) |
| 8:56 | Create | Villager (Male) |
| 8:56 | Create | Villager (Male) |
| 8:57 | Create | Villager (Male) |
| 8:57 | Create | Villager (Male) |
| 9:15 | Create | Fishing Ship |
| 9:16 | Create | Fishing Ship |
| 9:25 | Build | Palisade Wall |
| 9:31 | Build | Palisade Wall |
| 9:43 | Create | Villager (Male) |
| 9:43 | Create | Villager (Male) |
| 10:19 | Build | Mining Camp |
| 10:30 | Build | Mill |
| 10:51 | Create | Fishing Ship |
| 10:51 | Create | Fishing Ship |
| 10:56 | Build | House |
| 12:05 | Create | Villager (Male) |
| 12:26 | Research | Feudal Age |
| 12:44 | Build | House |
| 12:45 | Create | Villager (Male) |
| 12:57 | Create | Fishing Ship |
| 14:02 | Build | House |
| 14:32 | Build | Lumber Camp |
| 14:33 | Age | Feudal Age |
| 14:49 | Build | Market |
| 14:57 | Create | Villager (Male) |
| 15:07 | Build | Blacksmith |
| 15:19 | Build | Farm |
| 15:32 | Create | Villager (Male) |
| 15:40 | Create | Unit 2626 |
| 15:55 | Research | Castle Age |
| 15:55 | Research | Castle Age |
| 16:23 | Build | Dock |
| 16:39 | Create | Villager (Male) |
| 16:42 | Research | Double-Bit Axe |
| 16:42 | Research | Double-Bit Axe |
| 18:15 | Build | Dock |
| 18:20 | Age | Castle Age |
| 18:30 | Build | Barracks |
| 18:46 | Create | Villager (Male) |
| 19:09 | Create | Villager (Male) |
| 19:13 | Research | Bow Saw |
| 19:17 | Research | Gold Mining |
| 19:37 | Build | House |
| 19:43 | Create | Villager (Male) |
| 19:47 | Build | Stable |
| 20:07 | Create | Villager (Male) |
| 20:19 | Create | Unit 2626 |
| 20:39 | Create | Villager (Male) |
| 20:43 | Build | Stable |
| 20:46 | Create | Knight |
| 20:46 | Create | Knight |
| 20:47 | Create | Knight |
| 20:47 | Create | Knight |
| 20:48 | Create | Villager (Male) |
| 20:52 | Build | Lumber Camp |
| 21:15 | Build | Blacksmith |
| 21:19 | Build | House |
| 21:22 | Create | Villager (Male) |
| 21:27 | Build | Farm |
| 21:27 | Create | Villager (Male) |
| 21:28 | Create | Villager (Male) |
| 21:33 | Research | Tech 906 |
| 21:39 | Create | Villager (Male) |
| 21:53 | Create | Villager (Male) |
| 22:04 | Build | Town Center |
| 22:10 | Research | Bloodlines |
| 22:26 | Research | Gillnets |
| 22:44 | Build | Dock |
| 22:52 | Build | House |
| 23:01 | Create | Knight |
| 23:04 | Research | Scale Barding Armor |
| 23:22 | Create | Fishing Ship |
| 23:28 | Build | House |
| 23:36 | Create | Fishing Ship |
| 23:36 | Create | Fishing Ship |
| 24:14 | Create | Knight ×4 |
| 24:32 | Create | Villager (Male) |
| 24:34 | Create | Villager (Male) |
| 24:47 | Create | Villager (Male) |
| 25:01 | Build | Town Center |
| 25:10 | Create | Knight ×2 |
| 25:10 | Create | Knight ×2 |
| 25:14 | Create | Villager (Male) |
| 25:26 | Create | Fishing Ship |
| 25:27 | Create | Fishing Ship |
| 25:28 | Create | Villager (Male) |
| 26:16 | Build | House |
| 26:36 | Create | Villager (Male) |
| 26:37 | Create | Villager (Male) |
| 26:38 | Create | Villager (Male) |
| 26:39 | Create | Villager (Male) |
| 26:53 | Create | Villager (Male) |
| 26:57 | Create | Knight ×5 |
| 26:57 | Create | Knight |
| 26:58 | Create | Knight |
| 27:00 | Create | Villager (Male) |
| 27:14 | Research | Fletching |
| 27:36 | Create | Knight |
| 27:44 | Build | Siege Workshop |
| 27:49 | Create | Villager (Male) |
| 28:00 | Build | Stone Wall |
| 28:20 | Research | Bodkin Arrow |
| 28:31 | Build | Town Center |
| 28:35 | Create | Villager (Male) |
| 28:38 | Create | Knight |
| 28:39 | Create | Knight |
| 29:00 | Create | Villager (Male) |
| 29:24 | Build | Lumber Camp |
| 29:29 | Build | House |
| 29:30 | Build | House |
| 29:35 | Create | Villager (Male) |
| 29:54 | Create | Villager (Male) |
| 30:13 | Research | Chain Barding Armor |
| 30:56 | Create | Villager (Male) |
| 31:01 | Create | Knight ×5 |
| 31:07 | Create | Camel Scout ×3 |
| 31:37 | Create | Villager (Male) |
| 31:46 | Build | Castle |
| 32:17 | Build | House |
| 32:20 | Build | Palisade Wall |
| 32:32 | Build | Palisade Wall |
| 32:34 | Build | Palisade Wall |
| 32:46 | Create | Villager (Male) |
| 32:48 | Create | Villager (Male) |
| 33:03 | Build | Palisade Wall |
Build order — Manuel Adorni
First 150 of 260 actions detected
| 0:32 | Build | Town Center |
| 0:37 | Build | House |
| 0:55 | Build | Dock |
| 3:14 | Create | Villager (Male) ×5 |
| 3:15 | Research | Loom |
| 3:56 | Create | Villager (Male) |
| 3:58 | Research | Loom |
| 4:20 | Create | Fishing Ship |
| 5:03 | Build | House |
| 5:19 | Create | Fishing Ship |
| 5:20 | Create | Fishing Ship |
| 5:22 | Create | Villager (Male) |
| 6:08 | Create | Villager (Male) |
| 6:34 | Create | Fishing Ship |
| 6:41 | Build | House |
| 6:49 | Create | Villager (Male) |
| 6:49 | Create | Villager (Male) |
| 7:24 | Create | Fishing Ship |
| 7:25 | Create | Fishing Ship |
| 7:25 | Create | Fishing Ship |
| 7:27 | Create | Villager (Male) |
| 7:27 | Create | Villager (Male) |
| 8:01 | Create | Villager (Male) |
| 8:05 | Build | House |
| 8:31 | Create | Fishing Ship |
| 8:31 | Create | Fishing Ship |
| 8:35 | Create | Villager (Male) |
| 8:35 | Create | Villager (Male) |
| 8:35 | Create | Villager (Male) |
| 9:14 | Create | Fishing Ship |
| 9:17 | Create | Villager (Male) |
| 9:31 | Build | House |
| 9:47 | Create | Villager (Male) |
| 10:05 | Create | Fishing Ship |
| 10:37 | Build | Dock |
| 10:57 | Create | Villager (Male) |
| 11:10 | Build | Mill |
| 11:15 | Create | Fishing Ship |
| 11:26 | Build | Mining Camp |
| 11:51 | Research | Feudal Age |
| 12:11 | Build | Dock |
| 12:17 | Build | House |
| 12:20 | Create | Fishing Ship |
| 12:21 | Create | Fishing Ship |
| 12:27 | Create | Villager (Male) |
| 13:07 | Create | Fishing Ship |
| 13:07 | Create | Fishing Ship |
| 13:19 | Create | Fishing Ship |
| 14:01 | Age | Feudal Age |
| 14:02 | Build | House |
| 14:13 | Build | Blacksmith |
| 14:41 | Build | Market |
| 15:04 | Create | Fishing Ship |
| 15:28 | Research | Castle Age |
| 16:12 | Build | Barracks |
| 16:17 | Build | Barracks |
| 16:43 | Build | House |
| 17:00 | Research | Scale Mail Armor |
| 17:14 | Create | Spearman |
| 17:22 | Research | Arson |
| 17:25 | Research | Forging |
| 17:32 | Build | Barracks |
| 17:59 | Build | Dock |
| 18:08 | Age | Castle Age |
| 18:16 | Create | Unit 1974 |
| 18:16 | Create | Unit 1974 |
| 18:17 | Create | Unit 1974 |
| 18:18 | Create | Unit 1974 |
| 18:18 | Research | Squires |
| 18:39 | Build | Palisade Wall |
| 18:49 | Build | Palisade Wall |
| 19:05 | Create | Unit 1974 |
| 19:05 | Create | Unit 1974 |
| 19:10 | Create | Unit 1974 |
| 19:20 | Build | Barracks |
| 19:39 | Create | Unit 1974 |
| 20:07 | Create | Villager (Male) |
| 20:13 | Create | Unit 1974 |
| 20:13 | Create | Unit 1974 |
| 20:13 | Create | Unit 1974 |
| 20:20 | Build | House |
| 20:36 | Create | Unit 1974 |
| 20:37 | Create | Unit 1974 |
| 21:04 | Build | Palisade Wall |
| 21:38 | Create | Villager (Male) |
| 21:45 | Create | Unit 1974 |
| 21:46 | Create | Unit 1974 |
| 21:46 | Create | Unit 1974 |
| 22:02 | Build | Town Center |
| 22:10 | Build | Lumber Camp |
| 22:49 | Build | House |
| 22:50 | Build | House |
| 22:56 | Build | House |
| 23:43 | Create | Unit 1974 |
| 23:43 | Create | Unit 1974 |
| 24:06 | Create | Villager (Male) |
| 24:07 | Create | Villager (Male) |
| 24:17 | Create | Unit 1974 |
| 24:28 | Create | Villager (Male) |
| 24:28 | Create | Villager (Male) |
| 24:29 | Create | Villager (Male) |
| 24:29 | Create | Villager (Male) |
| 24:29 | Create | Villager (Male) |
| 24:35 | Create | Unit 1974 |
| 24:35 | Create | Unit 1974 |
| 24:35 | Create | Unit 1974 |
| 24:49 | Research | Chain Mail Armor |
| 25:39 | Research | Pikeman (upgrade) |
| 25:45 | Create | Spearman |
| 25:46 | Create | Spearman |
| 25:46 | Create | Spearman |
| 25:48 | Create | Spearman |
| 25:48 | Create | Spearman |
| 25:49 | Create | Villager (Male) |
| 25:51 | Create | Unit 1974 |
| 26:36 | Create | Spearman |
| 26:37 | Create | Spearman |
| 26:37 | Create | Spearman |
| 26:37 | Create | Spearman |
| 26:38 | Create | Spearman |
| 26:45 | Create | Spearman |
| 27:01 | Build | Castle |
| 27:12 | Create | Spearman |
| 27:13 | Create | Spearman |
| 27:15 | Create | Spearman |
| 27:23 | Build | Outpost |
| 27:39 | Build | House |
| 27:40 | Build | House |
| 27:40 | Build | House |
| 27:41 | Build | House |
| 27:41 | Build | House |
| 27:41 | Build | House |
| 27:41 | Build | House |
| 28:01 | Create | Spearman |
| 28:01 | Create | Spearman |
| 28:02 | Create | Spearman |
| 28:02 | Create | Spearman |
| 28:02 | Create | Spearman |
| 28:02 | Create | Spearman |
| 28:16 | Create | Spearman |
| 30:06 | Build | Castle |
| 30:12 | Build | Mining Camp |
| 30:19 | Research | Fletching |
| 30:33 | Create | Villager (Male) |
| 30:34 | Create | Villager (Male) |
| 30:34 | Create | Villager (Male) |
| 31:23 | Create | Villager (Male) |
| 31:23 | Create | Villager (Male) |
| 31:23 | Create | Villager (Male) |
| 31:23 | Create | Villager (Male) |
Build order — VZ | TheeChosen
First 150 of 400 actions detected
| 1:25 | Build | Town Center |
| 2:44 | Build | Dock |
| 2:46 | Build | House |
| 2:46 | Build | House |
| 3:29 | Create | Villager (Male) ×4 |
| 3:30 | Create | Villager (Male) ×2 |
| 3:30 | Create | Villager (Male) ×2 |
| 3:32 | Research | Loom |
| 4:57 | Create | Villager (Male) |
| 4:58 | Create | Villager (Male) |
| 5:29 | Create | Fishing Ship |
| 5:29 | Create | Fishing Ship |
| 6:24 | Create | Villager (Male) |
| 6:25 | Create | Fishing Ship |
| 6:51 | Create | Villager (Male) |
| 6:56 | Build | House |
| 6:58 | Build | House |
| 6:59 | Build | House |
| 7:19 | Create | Villager (Male) |
| 7:47 | Create | Villager (Male) |
| 7:47 | Create | Villager (Male) |
| 7:49 | Create | Fishing Ship |
| 8:12 | Create | Villager (Male) |
| 8:13 | Create | Villager (Male) |
| 8:26 | Build | House |
| 8:39 | Build | House |
| 8:48 | Create | Villager (Male) |
| 8:48 | Create | Villager (Male) |
| 8:52 | Create | Fishing Ship |
| 8:55 | Create | Villager (Male) |
| 9:16 | Create | Villager (Male) |
| 10:00 | Build | Mill |
| 10:05 | Create | Villager (Male) |
| 10:14 | Create | Villager (Male) |
| 10:30 | Build | House |
| 10:31 | Build | House |
| 10:32 | Build | House |
| 10:35 | Create | Fishing Ship |
| 10:40 | Create | Villager (Male) |
| 11:05 | Build | House |
| 11:12 | Create | Villager (Male) |
| 11:23 | Build | House |
| 11:30 | Create | Fishing Ship |
| 11:31 | Create | Fishing Ship |
| 11:47 | Create | Villager (Male) |
| 12:02 | Create | Villager (Male) |
| 12:10 | Create | Fishing Ship |
| 12:17 | Build | House |
| 12:24 | Build | House |
| 12:29 | Create | Fishing Ship |
| 12:39 | Create | Villager (Male) |
| 12:48 | Research | Feudal Age |
| 13:39 | Build | Lumber Camp |
| 15:09 | Create | Villager (Male) |
| 15:09 | Create | Villager (Male) |
| 15:23 | Age | Feudal Age |
| 15:26 | Build | Blacksmith |
| 15:28 | Build | Market |
| 15:30 | Create | Villager (Male) |
| 15:36 | Create | Fire Galley |
| 15:37 | Create | Unit 2626 |
| 16:02 | Create | Villager (Male) |
| 16:16 | Create | Fire Galley |
| 16:21 | Build | House |
| 16:22 | Build | House |
| 16:48 | Create | Galley |
| 16:52 | Create | Villager (Male) |
| 17:02 | Research | Double-Bit Axe |
| 17:13 | Create | Villager (Male) |
| 17:20 | Build | Farm |
| 17:57 | Research | Castle Age |
| 18:01 | Build | Barracks |
| 18:04 | Research | Scale Barding Armor |
| 18:04 | Research | Forging |
| 18:10 | Research | Horse Collar |
| 18:27 | Create | Galley |
| 18:51 | Build | Farm |
| 18:54 | Build | Farm |
| 18:59 | Build | Farm |
| 19:41 | Build | Stable |
| 19:50 | Research | Fletching |
| 20:04 | Create | Galley |
| 20:09 | Build | House |
| 20:37 | Age | Castle Age |
| 20:40 | Research | Chain Barding Armor |
| 20:41 | Research | Bloodlines |
| 20:43 | Build | Stable |
| 20:46 | Create | Villager (Male) |
| 20:52 | Research | Bow Saw |
| 21:03 | Create | Villager (Male) |
| 21:22 | Build | House |
| 21:29 | Create | Villager (Male) |
| 21:33 | Build | Monastery |
| 21:35 | Create | Knight |
| 21:35 | Create | Knight |
| 21:44 | Build | House |
| 21:59 | Create | Villager (Male) |
| 21:59 | Create | Villager (Male) |
| 22:04 | Create | Knight |
| 22:12 | Build | Town Center |
| 22:19 | Build | House |
| 22:28 | Build | Farm |
| 22:41 | Create | Villager (Male) |
| 22:43 | Research | War Galley (upgrade) |
| 23:13 | Create | Galley |
| 23:13 | Create | Galley |
| 23:15 | Create | Villager (Male) |
| 23:19 | Build | Farm |
| 23:20 | Build | Farm |
| 23:20 | Build | Farm |
| 23:22 | Build | House |
| 23:28 | Create | Knight |
| 23:46 | Build | Mining Camp |
| 23:54 | Create | Villager (Male) |
| 23:54 | Create | Villager (Male) |
| 24:06 | Create | Villager (Male) |
| 24:08 | Create | Villager (Male) |
| 24:11 | Research | Wheelbarrow |
| 24:13 | Create | Knight |
| 24:13 | Create | Knight |
| 24:28 | Build | Lumber Camp |
| 24:32 | Create | Villager (Male) |
| 24:32 | Create | Villager (Male) |
| 24:43 | Create | Villager (Male) |
| 24:45 | Create | Monk |
| 25:04 | Create | Knight |
| 25:04 | Create | Knight |
| 25:18 | Create | Knight |
| 25:18 | Create | Knight |
| 25:25 | Build | Town Center |
| 25:44 | Create | Monk |
| 25:50 | Create | Villager (Male) |
| 25:50 | Create | Villager (Male) |
| 25:57 | Build | Farm |
| 25:57 | Build | Farm |
| 25:58 | Build | Farm |
| 25:58 | Build | Farm |
| 25:58 | Build | Farm |
| 25:59 | Build | Farm |
| 26:01 | Create | Villager (Male) |
| 26:02 | Create | Villager (Male) |
| 26:06 | Create | Villager (Male) |
| 26:07 | Create | Villager (Male) |
| 26:18 | Create | Monk |
| 26:38 | Create | Villager (Male) |
| 26:46 | Create | Monk |
| 26:52 | Create | Villager (Male) |
| 26:52 | Create | Villager (Male) |
| 26:54 | Create | Knight |
| 26:54 | Create | Knight |
Build order — Kim Jong-un
First 150 of 286 actions detected
| 0:21 | Build | Town Center |
| 1:12 | Build | Palisade Wall |
| 1:14 | Build | Palisade Wall |
| 1:55 | Build | Dock |
| 1:59 | Build | House |
| 2:40 | Create | Villager (Male) |
| 2:40 | Create | Villager (Male) |
| 2:41 | Create | Villager (Male) |
| 2:41 | Create | Villager (Male) |
| 2:41 | Create | Villager (Male) |
| 4:06 | Create | Fishing Ship |
| 4:40 | Build | House |
| 4:46 | Research | Loom |
| 5:09 | Create | Villager (Male) |
| 5:09 | Create | Villager (Male) |
| 5:13 | Create | Villager (Male) |
| 5:13 | Create | Villager (Male) |
| 5:39 | Create | Villager (Male) |
| 5:46 | Create | Fishing Ship |
| 6:01 | Create | Villager (Male) |
| 6:23 | Create | Villager (Male) |
| 6:24 | Create | Villager (Male) |
| 6:24 | Create | Villager (Male) |
| 6:45 | Create | Villager (Male) |
| 7:12 | Create | Villager (Male) |
| 7:53 | Build | House |
| 8:20 | Create | Fishing Ship |
| 8:22 | Create | Villager (Male) |
| 8:22 | Create | Villager (Male) |
| 8:24 | Build | House |
| 8:26 | Create | Villager (Male) |
| 8:43 | Create | Fishing Ship |
| 9:09 | Create | Fishing Ship |
| 9:52 | Create | Villager (Male) |
| 10:06 | Build | Mill |
| 10:18 | Create | Villager (Male) |
| 10:30 | Create | Fishing Ship |
| 10:49 | Create | Villager (Male) |
| 10:57 | Build | House |
| 11:21 | Create | Villager (Male) |
| 11:47 | Build | Dock |
| 11:56 | Create | Fishing Ship |
| 12:01 | Build | Mining Camp |
| 12:13 | Create | Villager (Male) |
| 12:22 | Create | Fishing Ship |
| 12:32 | Create | Fishing Ship |
| 12:56 | Research | Feudal Age |
| 13:07 | Build | House |
| 13:37 | Build | Lumber Camp |
| 14:15 | Create | Fishing Ship |
| 14:23 | Create | Fishing Ship |
| 15:06 | Age | Feudal Age |
| 15:14 | Create | Unit 2626 |
| 15:15 | Create | Unit 2626 |
| 15:21 | Create | Unit 2626 |
| 15:24 | Build | House |
| 15:27 | Create | Villager (Male) |
| 15:43 | Build | Mining Camp |
| 15:48 | Create | Villager (Male) |
| 16:24 | Create | Unit 2626 |
| 16:52 | Create | Villager (Male) |
| 17:02 | Build | Market |
| 17:05 | Build | Blacksmith |
| 17:08 | Create | Villager (Male) |
| 17:24 | Build | House |
| 17:39 | Create | Fishing Ship |
| 17:39 | Create | Fishing Ship |
| 17:54 | Research | Castle Age |
| 18:06 | Build | Barracks |
| 18:13 | Research | Double-Bit Axe |
| 18:46 | Build | House |
| 19:05 | Build | Stable |
| 19:45 | Create | Villager (Male) |
| 19:46 | Create | Villager (Male) |
| 20:01 | Build | Stable |
| 20:33 | Create | Villager (Male) |
| 20:35 | Age | Castle Age |
| 20:49 | Build | Town Center |
| 20:53 | Create | Villager (Male) |
| 20:54 | Create | Villager (Male) |
| 20:59 | Research | Bow Saw |
| 21:11 | Create | Unit 1944 |
| 21:11 | Create | Unit 1944 |
| 21:14 | Create | Unit 1944 |
| 21:14 | Create | Unit 1944 |
| 21:19 | Build | Lumber Camp |
| 21:22 | Create | Villager (Male) |
| 21:45 | Build | House |
| 21:57 | Build | House |
| 21:59 | Build | House |
| 22:10 | Research | Scale Barding Armor |
| 23:07 | Create | Villager (Male) |
| 23:08 | Create | Villager (Male) |
| 23:11 | Create | Unit 1944 |
| 23:13 | Create | Unit 1944 |
| 23:37 | Build | Castle |
| 23:44 | Create | Villager (Male) |
| 23:44 | Create | Villager (Male) |
| 23:56 | Create | Villager (Male) |
| 24:02 | Build | Fish Trap |
| 24:04 | Build | Fish Trap |
| 24:06 | Build | Fish Trap |
| 24:09 | Build | Fish Trap |
| 24:13 | Build | Fish Trap |
| 24:16 | Build | Fish Trap |
| 24:20 | Build | Fish Trap |
| 24:23 | Create | Villager (Male) |
| 25:36 | Create | Unit 1944 |
| 25:38 | Create | Unit 1944 |
| 25:59 | Build | Fish Trap |
| 26:04 | Build | Fish Trap |
| 26:08 | Create | Unit 1949 |
| 26:13 | Create | Villager (Male) |
| 26:27 | Build | Mill |
| 26:28 | Build | Farm |
| 26:29 | Build | Farm |
| 26:29 | Build | Farm |
| 26:29 | Build | Farm |
| 26:30 | Build | Farm |
| 26:31 | Build | Farm |
| 26:32 | Build | Farm |
| 26:33 | Build | Farm |
| 26:34 | Build | Farm |
| 26:36 | Build | Farm |
| 26:46 | Create | Villager (Male) |
| 26:46 | Create | Villager (Male) |
| 27:03 | Build | Town Center |
| 27:05 | Create | Villager (Male) |
| 27:29 | Create | Villager (Male) |
| 27:29 | Create | Villager (Male) |
| 27:41 | Build | Fish Trap |
| 27:45 | Build | Fish Trap |
| 28:02 | Research | Bloodlines |
| 28:06 | Research | Forging |
| 28:19 | Build | Mill |
| 28:20 | Build | Farm |
| 28:20 | Build | Farm |
| 28:21 | Build | Farm |
| 28:22 | Build | Farm |
| 28:22 | Build | Farm |
| 28:23 | Build | Farm |
| 28:31 | Create | Villager (Male) |
| 28:32 | Create | Villager (Male) |
| 28:32 | Create | Villager (Male) |
| 28:47 | Create | Villager (Male) |
| 28:48 | Create | Villager (Male) |
| 28:58 | Create | Villager (Male) |
| 29:09 | Build | Fish Trap |
| 29:13 | Build | Fish Trap |
| 29:19 | Research | Tech 906 |
Build order — [NuMa] cristo22B
First 150 of 230 actions detected
| 0:56 | Build | Town Center |
| 3:06 | Build | Dock |
| 3:09 | Research | Loom |
| 3:09 | Create | Villager (Male) |
| 3:09 | Create | Villager (Male) |
| 3:15 | Create | Villager (Male) |
| 3:16 | Create | Villager (Male) |
| 3:16 | Create | Villager (Male) |
| 3:48 | Build | House |
| 4:58 | Create | Fishing Ship |
| 5:37 | Create | Villager (Male) |
| 5:37 | Create | Villager (Male) |
| 5:42 | Build | House |
| 6:16 | Create | Villager (Male) |
| 6:17 | Create | Villager (Male) |
| 6:37 | Create | Villager (Male) |
| 6:38 | Create | Villager (Male) |
| 6:41 | Create | Fishing Ship |
| 7:08 | Create | Villager (Male) |
| 7:40 | Create | Villager (Male) |
| 7:55 | Build | Palisade Wall |
| 7:57 | Build | Palisade Wall |
| 8:14 | Create | Villager (Male) |
| 8:14 | Create | Villager (Male) |
| 8:15 | Create | Fishing Ship |
| 8:20 | Build | House |
| 8:52 | Create | Villager (Male) |
| 9:22 | Build | Mill |
| 10:10 | Create | Villager (Male) |
| 10:11 | Create | Villager (Male) |
| 10:15 | Create | Fishing Ship |
| 10:36 | Create | Villager (Male) |
| 10:40 | Build | House |
| 11:04 | Build | House |
| 11:45 | Create | Villager (Male) |
| 11:45 | Create | Villager (Male) |
| 11:47 | Create | Villager (Male) |
| 12:26 | Create | Villager (Male) |
| 12:46 | Build | Mill |
| 12:48 | Research | Feudal Age |
| 13:28 | Build | Mining Camp |
| 15:35 | Age | Feudal Age |
| 15:36 | Create | Villager (Male) |
| 15:38 | Create | Villager (Male) |
| 15:39 | Create | Villager (Male) |
| 16:00 | Build | Market |
| 16:08 | Build | Blacksmith |
| 16:38 | Build | Mining Camp |
| 16:58 | Research | Wheelbarrow |
| 17:52 | Research | Castle Age |
| 19:38 | Build | Lumber Camp |
| 19:41 | Research | Gold Mining |
| 19:41 | Research | Gold Mining |
| 19:47 | Research | Fletching |
| 20:32 | Age | Castle Age |
| 20:34 | Create | Villager (Male) |
| 20:44 | Build | Castle |
| 20:52 | Build | Town Center |
| 20:58 | Create | Villager (Male) |
| 20:58 | Create | Villager (Male) |
| 21:20 | Create | Villager (Male) |
| 22:04 | Create | Villager (Male) |
| 22:19 | Create | Rattan Archer |
| 22:20 | Create | Rattan Archer |
| 22:23 | Create | Villager (Male) |
| 22:26 | Build | House |
| 22:28 | Build | House |
| 22:29 | Build | Stone Wall |
| 22:35 | Build | Farm |
| 22:43 | Create | Rattan Archer |
| 22:44 | Create | Rattan Archer |
| 22:49 | Create | Villager (Male) |
| 22:55 | Build | Farm |
| 22:56 | Create | Villager (Male) |
| 23:11 | Create | Rattan Archer |
| 23:35 | Create | Villager (Male) |
| 23:35 | Create | Villager (Male) |
| 23:37 | Create | Villager (Male) |
| 23:47 | Create | Rattan Archer |
| 24:07 | Research | Bodkin Arrow |
| 24:33 | Build | House |
| 24:38 | Build | Farm |
| 24:39 | Build | Farm |
| 24:43 | Create | Rattan Archer |
| 24:48 | Create | Villager (Male) |
| 24:52 | Build | Farm |
| 25:14 | Build | Farm |
| 25:15 | Create | Villager (Male) |
| 25:21 | Research | Padded Archer Armor |
| 25:30 | Create | Rattan Archer |
| 25:30 | Create | Rattan Archer |
| 25:30 | Create | Rattan Archer |
| 25:31 | Create | Rattan Archer |
| 25:49 | Create | Rattan Archer |
| 25:54 | Create | Villager (Male) |
| 25:54 | Create | Villager (Male) |
| 26:11 | Research | Double-Bit Axe |
| 26:23 | Create | Rattan Archer |
| 26:26 | Create | Villager (Male) |
| 26:37 | Create | Villager (Male) |
| 26:42 | Build | Farm |
| 26:45 | Build | Farm |
| 26:58 | Create | Villager (Male) |
| 27:04 | Create | Rattan Archer |
| 27:04 | Create | Rattan Archer |
| 27:16 | Create | Villager (Male) |
| 27:16 | Create | Villager (Male) |
| 27:50 | Build | Town Center |
| 27:52 | Create | Villager (Male) |
| 27:52 | Create | Villager (Male) |
| 28:10 | Create | Villager (Male) |
| 28:15 | Build | Farm |
| 28:25 | Create | Rattan Archer |
| 28:25 | Create | Rattan Archer |
| 28:27 | Research | Leather Archer Armor |
| 28:35 | Create | Rattan Archer |
| 28:41 | Build | Farm |
| 28:42 | Build | Farm |
| 28:50 | Create | Villager (Male) |
| 28:50 | Create | Villager (Male) |
| 29:04 | Create | Rattan Archer |
| 29:07 | Create | Villager (Male) |
| 29:19 | Create | Rattan Archer |
| 29:21 | Create | Villager (Male) |
| 29:24 | Build | Farm |
| 29:26 | Build | Farm |
| 29:43 | Build | House |
| 30:04 | Build | Palisade Gate |
| 30:08 | Build | Gate |
| 31:23 | Create | Rattan Archer |
| 32:44 | Create | Villager (Male) |
| 32:44 | Create | Villager (Male) |
| 32:46 | Research | Stone Mining |
| 32:55 | Build | Barracks |
| 33:05 | Create | Villager (Male) |
| 33:41 | Research | Imperial Age |
| 33:47 | Research | Imperial Age |
| 34:32 | Build | Castle |
| 34:35 | Build | House |
| 34:37 | Create | Villager (Male) |
| 34:43 | Build | Lumber Camp |
| 35:51 | Create | Petard |
| 35:52 | Create | Petard |
| 35:52 | Create | Petard |
| 35:52 | Create | Petard |
| 36:07 | Create | Petard |
| 36:07 | Create | Petard |
| 36:07 | Create | Petard |
| 36:30 | Build | Mill |
| 36:57 | Age | Imperial Age |
Build order — Joaquin_AoE
First 150 of 252 actions detected
| 0:08 | Build | Town Center |
| 1:36 | Build | Dock |
| 1:38 | Build | House |
| 2:41 | Create | Villager (Male) |
| 2:41 | Create | Villager (Male) |
| 2:41 | Create | Villager (Male) |
| 2:42 | Create | Villager (Male) |
| 3:34 | Research | Loom |
| 4:03 | Create | Fishing Ship |
| 4:03 | Create | Fishing Ship |
| 5:00 | Build | House |
| 5:03 | Create | Villager (Male) |
| 5:03 | Create | Villager (Male) |
| 5:32 | Build | House |
| 5:40 | Create | Villager (Male) |
| 5:40 | Create | Villager (Male) |
| 6:12 | Create | Fishing Ship |
| 6:12 | Create | Fishing Ship |
| 6:26 | Create | Villager (Male) |
| 6:26 | Create | Villager (Male) |
| 6:53 | Create | Villager (Male) |
| 6:54 | Create | Villager (Male) |
| 6:54 | Create | Villager (Male) |
| 6:55 | Create | Villager (Male) |
| 7:17 | Create | Villager (Male) |
| 7:17 | Create | Villager (Male) |
| 7:54 | Create | Villager (Male) |
| 8:02 | Create | Villager (Male) |
| 8:02 | Create | Villager (Male) |
| 8:02 | Create | Villager (Male) |
| 8:07 | Create | Fishing Ship |
| 8:14 | Create | Villager (Male) |
| 8:43 | Build | House |
| 8:48 | Create | Fishing Ship |
| 9:28 | Create | Villager (Male) |
| 9:29 | Create | Villager (Male) |
| 9:29 | Create | Villager (Male) |
| 9:37 | Build | Mill |
| 10:11 | Build | House |
| 10:48 | Research | Feudal Age |
| 11:06 | Build | House |
| 11:35 | Build | Barracks |
| 12:27 | Create | Villager (Male) |
| 12:28 | Create | Villager (Male) |
| 12:36 | Build | Mining Camp |
| 13:13 | Age | Feudal Age |
| 13:55 | Build | Stable |
| 14:01 | Create | Villager (Male) |
| 14:03 | Create | Villager (Male) |
| 14:47 | Build | Blacksmith |
| 15:25 | Create | Fire Galley |
| 15:42 | Research | Castle Age |
| 15:56 | Build | House |
| 16:07 | Create | Unit 2626 |
| 16:32 | Create | Unit 2626 |
| 17:02 | Build | House |
| 17:22 | Build | Stable |
| 17:24 | Create | Villager (Male) |
| 17:25 | Create | Villager (Male) |
| 17:25 | Create | Villager (Male) |
| 18:02 | Research | Scale Barding Armor |
| 18:15 | Build | House |
| 18:22 | Age | Castle Age |
| 18:23 | Create | Knight ×3 |
| 18:23 | Create | Knight ×3 |
| 18:47 | Build | Dock |
| 19:17 | Build | House |
| 19:20 | Create | Knight ×2 |
| 19:21 | Create | Knight ×2 |
| 19:41 | Create | Fishing Ship |
| 19:42 | Create | Fishing Ship |
| 19:50 | Research | Husbandry |
| 19:56 | Create | Knight |
| 20:01 | Build | House |
| 20:44 | Create | Knight |
| 20:53 | Create | Villager (Male) |
| 20:53 | Create | Villager (Male) |
| 20:53 | Create | Villager (Male) |
| 20:57 | Build | Farm |
| 20:57 | Build | Farm |
| 20:57 | Build | Farm |
| 20:58 | Build | Farm |
| 20:58 | Build | Farm |
| 21:10 | Create | Fishing Ship |
| 23:03 | Build | Siege Workshop |
| 23:04 | Create | Villager (Male) |
| 23:05 | Create | Villager (Male) |
| 23:10 | Create | Knight ×4 |
| 23:10 | Create | Knight ×4 |
| 23:42 | Create | Villager (Male) |
| 23:44 | Create | Villager (Male) |
| 23:48 | Build | Farm |
| 23:48 | Build | Farm |
| 23:49 | Build | Farm |
| 23:49 | Build | Farm |
| 23:50 | Build | Farm |
| 23:56 | Research | Horse Collar |
| 24:26 | Research | Bloodlines |
| 24:30 | Create | Knight |
| 24:30 | Create | Knight |
| 24:53 | Create | Knight |
| 24:53 | Create | Knight |
| 24:57 | Create | Villager (Male) |
| 24:58 | Create | Villager (Male) |
| 24:58 | Create | Villager (Male) |
| 25:03 | Create | Villager (Male) |
| 25:07 | Build | Town Center |
| 25:43 | Build | Market |
| 25:54 | Create | Villager (Male) |
| 25:55 | Create | Villager (Male) |
| 26:51 | Create | Battering Ram |
| 26:52 | Create | Battering Ram |
| 27:01 | Create | Villager (Male) |
| 27:01 | Create | Villager (Male) |
| 27:01 | Create | Villager (Male) |
| 27:02 | Create | Villager (Male) |
| 27:04 | Create | Villager (Male) |
| 27:04 | Create | Villager (Male) |
| 27:04 | Create | Villager (Male) |
| 27:04 | Create | Villager (Male) |
| 27:36 | Create | Battering Ram |
| 27:43 | Build | House |
| 27:52 | Research | Forging |
| 27:56 | Create | Knight |
| 27:56 | Create | Knight |
| 28:43 | Create | Battering Ram |
| 29:00 | Create | Knight ×2 |
| 30:50 | Create | Knight ×5 |
| 30:50 | Create | Knight ×5 |
| 31:48 | Create | Knight ×3 |
| 32:27 | Create | Villager (Male) |
| 32:27 | Create | Villager (Male) |
| 32:58 | Create | Knight ×5 |
| 33:04 | Build | Town Center |
| 33:54 | Build | Town Center |
| 33:56 | Create | Villager (Male) |
| 33:56 | Create | Villager (Male) |
| 33:56 | Create | Villager (Male) |
| 33:57 | Create | Villager (Male) |
| 33:59 | Research | Wheelbarrow |
| 34:06 | Create | Demolition Raft |
| 34:06 | Create | Demolition Raft |
| 34:11 | Create | Fishing Ship |
| 34:11 | Create | Fishing Ship |
| 34:13 | Research | Tech 906 |
| 34:16 | Build | House |
| 34:17 | Build | House |
| 34:17 | Build | House |
| 34:17 | Build | House |
| 34:21 | Build | House |
Match timeline
| 0:55 | Manuel Adorni · first_building Dock |
| 1:12 | Kim Jong-un · wall_segment Palisade Wall x1 |
| 1:14 | Kim Jong-un · wall_segment Palisade Wall x1 |
| 1:36 | Joaquin_AoE · first_building Dock |
| 1:55 | Kim Jong-un · first_building Dock |
| 2:44 | VZ | TheeChosen · first_building Dock |
| 3:06 | [NuMa] cristo22B · first_building Dock |
| 4:31 | SAS · first_building Dock |
| 4:45 | ToonNoddy · first_building Dock |
| 7:55 | [NuMa] cristo22B · wall_segment Palisade Wall x1 |
| 7:57 | [NuMa] cristo22B · wall_segment Palisade Wall x1 |
| 9:25 | SAS · wall_segment Palisade Wall x1 |
| 9:31 | SAS · wall_segment Palisade Wall x1 |
| 11:07 | Sandwich Tree · first_building Dock |
| 11:35 | Joaquin_AoE · first_building Barracks |
| 13:13 | Joaquin_AoE · age_up feudal |
| 13:30 | ToonNoddy · first_building Barracks |
| 13:55 | Joaquin_AoE · first_building Stable |
| 14:01 | Manuel Adorni · age_up feudal |
| 14:20 | ToonNoddy · age_up feudal |
| 14:29 | ToonNoddy · first_building Stable |
| 14:33 | SAS · age_up feudal |
| 14:48 | Sandwich Tree · first_building Barracks |
| 15:06 | Kim Jong-un · age_up feudal |
| 15:23 | VZ | TheeChosen · age_up feudal |
| 15:27 | Manuel Adorni · first_market_sell 100 stone |
| 15:35 | [NuMa] cristo22B · age_up feudal |
| 16:12 | Manuel Adorni · first_building Barracks |
| 16:18 | Sandwich Tree · age_up feudal |
| 18:01 | VZ | TheeChosen · first_building Barracks |
| 18:06 | Kim Jong-un · first_building Barracks |
| 18:08 | Manuel Adorni · age_up castle |
| 18:20 | SAS · age_up castle |
| 18:22 | Joaquin_AoE · age_up castle |
| 18:30 | SAS · first_building Barracks |
| 18:39 | Manuel Adorni · wall_segment Palisade Wall x1 |
| 18:45 | ToonNoddy · age_up castle |
| 18:49 | Manuel Adorni · wall_segment Palisade Wall x1 |
| 19:05 | Kim Jong-un · first_building Stable |
| 19:41 | VZ | TheeChosen · first_building Stable |
| 19:45 | [NuMa] cristo22B · first_market_buy 100 food |
| 19:47 | SAS · first_building Stable |
| 19:49 | ToonNoddy · first_building Siege Workshop |
| 20:32 | [NuMa] cristo22B · age_up castle |
| 20:35 | Kim Jong-un · age_up castle |
| 20:37 | VZ | TheeChosen · age_up castle |
| 20:44 | [NuMa] cristo22B · first_building Castle |
| 21:04 | Manuel Adorni · wall_segment Palisade Wall x3 |
| 21:33 | VZ | TheeChosen · first_building Monastery |
| 22:29 | [NuMa] cristo22B · wall_segment Stone Wall x1 |
| 23:03 | Joaquin_AoE · first_building Siege Workshop |
| 23:37 | Kim Jong-un · first_building Castle |
| 25:04 | Sandwich Tree · first_market_buy 100 stone |
| 25:07 | Sandwich Tree · age_up castle |
| 25:39 | Sandwich Tree · first_building Castle |
| 26:12 | Sandwich Tree · wall_segment Stone Wall x1 |
| 26:18 | Sandwich Tree · wall_segment Stone Wall x1 |
| 26:20 | Sandwich Tree · wall_segment Stone Wall x1 |
| 26:22 | Sandwich Tree · wall_segment Stone Wall x1 |
| 26:25 | Sandwich Tree · wall_segment Stone Wall x1 |
| 26:30 | Sandwich Tree · wall_segment Stone Wall x5 |
| 27:01 | Manuel Adorni · first_building Castle |
| 27:44 | SAS · first_building Siege Workshop |
| 28:00 | SAS · wall_segment Stone Wall x7 |
| 28:25 | ToonNoddy · first_building Castle |
| 28:42 | ToonNoddy · wall_segment Stone Wall x2 |
| 29:54 | SAS · tribute_sent a jugador 1 |
| 29:54 | SAS · tribute_sent a jugador 3 |
| 29:54 | SAS · tribute_sent a jugador 4 |
| 29:54 | SAS · tribute_sent a jugador 5 |
| 29:54 | SAS · tribute_sent a jugador 6 |
| 29:54 | SAS · tribute_sent a jugador 7 |
| 29:54 | SAS · tribute_sent a jugador 8 |
| 30:28 | Kim Jong-un · first_market_buy 100 food |
| 31:46 | SAS · first_building Castle |
| 32:20 | SAS · wall_segment Palisade Wall x1 |
| 32:30 | Sandwich Tree · first_building Monastery |
| 32:32 | SAS · wall_segment Palisade Wall x2 |
| 32:34 | SAS · wall_segment Palisade Wall x1 |
| 32:55 | [NuMa] cristo22B · first_building Barracks |
| 33:03 | SAS · wall_segment Palisade Wall x1 |
| 33:12 | [NuMa] cristo22B · first_market_sell 100 wood |
| 33:20 | VZ | TheeChosen · first_building Castle |
| 33:46 | Joaquin_AoE · first_market_sell 100 food |
| 33:48 | Joaquin_AoE · first_market_buy 100 stone |
| 34:18 | SAS · first_market_sell 500 wood |
| 34:19 | SAS · first_market_buy 500 food |
| 35:22 | Manuel Adorni · first_building Siege Workshop |
| 36:38 | ToonNoddy · age_up imperial |
| 36:50 | Manuel Adorni · first_market_buy 100 food |
| 36:57 | [NuMa] cristo22B · age_up imperial |
| 36:59 | Kim Jong-un · age_up imperial |
| 37:38 | VZ | TheeChosen · first_market_buy 100 wood |
| 39:18 | Kim Jong-un · first_building Siege Workshop |
| 39:19 | VZ | TheeChosen · age_up imperial |
| 40:00 | VZ | TheeChosen · first_market_sell 100 food |
| 40:19 | Manuel Adorni · age_up imperial |
| 40:35 | Joaquin_AoE · first_building Castle |
| 40:55 | SAS · tribute_sent a jugador 1 |
| 40:55 | SAS · tribute_sent a jugador 3 |
| 40:55 | SAS · tribute_sent a jugador 4 |
| 40:55 | SAS · tribute_sent a jugador 5 |
| 40:55 | SAS · tribute_sent a jugador 6 |
| 40:55 | SAS · tribute_sent a jugador 7 |
| 40:55 | SAS · tribute_sent a jugador 8 |
| 41:17 | Sandwich Tree · age_up imperial |
| 41:38 | Sandwich Tree · first_market_sell 500 wood |
| 43:00 | SAS · wall_segment Stone Wall x18 |
| 43:11 | [NuMa] cristo22B · wall_segment Stone Wall x2 |
| 44:45 | SAS · wall_segment Stone Wall x1 |
| 45:22 | SAS · first_building Archery Range |
| 46:24 | Joaquin_AoE · age_up imperial |
| 47:38 | VZ | TheeChosen · first_building Archery Range |
| 47:40 | [NuMa] cristo22B · first_building Archery Range |
| 48:01 | SAS · age_up imperial |
| 48:05 | Manuel Adorni · resign |
[ AI ANALYSIS · 1 CREDIT ]
What really happened in this match?
Wolo.gg analyzes every decision: build order, eco, micro, common mistakes by bracket. Personalized analysis on WhatsApp or Discord in 30 seconds.
Civ guide
Incas
Perfil
Jugador #1686721